[Event "Titled Tuesday Blitz May 9 Late 2023"]
[White "Arnold, Ken"]
[Black "Timmermans, Mark"]
[WhiteFideId "2056836"]
[BlackFideId "1026399"]
[WhiteElo "2372"]
[BlackElo "2460"]
[Result "0-1"]
[Round "01"]
[TimeControl "180+2"]
[Date "2023.05.09"]
[WhiteClock "0:00:13"]
[BlackClock "0:00:48"]

1. d4 Nf6 2. c4 e6 3. Nf3 d5 4. cxd5 exd5 5. g3 Be7 6. Bg2 O-O 7. O-O c6 8. Nc3 Bf5 9. Bf4 h6 10. h4 Nbd7 11. a3 b5 12. Ne5 Rc8 13. Rc1 a5 14. Qd2 Nxe5 15. Bxe5 Nd7 16. Bf4 Nb6 17. e4 Nc4 18. Qe2 dxe4 19. Nxe4 Re8 20. Rfd1 Bf8 21. Qc2 Nxb2 22. Qxb2 Bxe4 23. Bh3 Bd5 24. Bxc8 Qxc8 25. f3 Bxf3 26. Re1 Rxe1+ 27. Rxe1 Bd5 28. Kh2 Qg4 29. Qc3 b4 30. Qe3 bxa3 31. Ra1 a2 32. Be5 f6 33. Bf4 Qe6 34. Qxe6+ Bxe6 35. Bc7 Bb4 0-1


[Site "https://www.chess.com"]

[Event "Titled Tuesday Blitz May 9 Late 2023"]
[White "Bjelobrk, Igor"]
[Black "Gatterer, Florian"]
[WhiteFideId "4300726"]
[BlackFideId "811688"]
[WhiteElo "2319"]
[BlackElo "2221"]
[Result "0-1"]
[Round "01"]
[TimeControl "180+2"]
[Date "2023.05.09"]
[WhiteClock "0:02:24"]
[BlackClock "0:02:49"]

1. d4 d5 2. c4 c6 3. Nf3 Nf6 4. Qc2 g6 5. cxd5 cxd5 6. Bf4 Nc6 7. e3 Bg7 8. Nc3 O-O 9. Be2 Bf5 10. O-O Bxc2 0-1


[Site "https://www.chess.com"]

[Event "Titled Tuesday Blitz May 9 Late 2023"]
[White "Kalajzic, Ivan"]
[Black "Bolourchifard, Farzad"]
[WhiteFideId "14506378"]
[BlackFideId "12510084"]
[WhiteElo "2203"]
[BlackElo "2317"]
[Result "0-1"]
[Round "01"]
[TimeControl "180+2"]
[Date "2023.05.09"]
[WhiteClock "0:00:37"]
[BlackClock "0:01:04"]

1. d4 Nf6 2. Nc3 d5 3. Bg5 e6 4. e4 Be7 5. e5 Nfd7 6. h4 a6 7. Qg4 Kf8 8. Nf3 h6 9. Bxe7+ Qxe7 10. Bd3 c5 11. dxc5 Nxc5 12. O-O-O Nc6 13. h5 b5 14. Rh3 Nxd3+ 15. Rxd3 b4 16. Na4 a5 17. Rg3 Rg8 18. Qf4 Ba6 19. Nh4 Bxd3 20. cxd3 Ke8 21. d4 Rc8 22. Kb1 Qc7 23. Nc5 Nxd4 24. Qxd4 Qxc5 25. Qxc5 Rxc5 26. Rf3 Ke7 27. Re3 Rgc8 28. Re1 Rc2 29. Nf3 Rxf2 30. Nd4 Rc4 31. Nb3 a4 32. Na5 Rcc2 33. Ka1 Rxb2 34. g4 Rxa2+ 35. Kb1 a3 36. Nb3 Rfb2+ 37. Kc1 Rxb3 38. g5 Rbb2 0-1


[Site "https://www.chess.com"]

[Event "Titled Tuesday Blitz May 9 Late 2023"]
[White "Leiva, Gianmarco"]
[Black "Skaric, Djuro"]
[WhiteFideId "3804399"]
[BlackFideId "934569"]
[WhiteElo "2365"]
[BlackElo "2282"]
[Result "1-0"]
[Round "01"]
[TimeControl "180+2"]
[Date "2023.05.09"]
[WhiteClock "0:01:53"]
[BlackClock "0:01:27"]

1. e4 d6 2. d4 g6 3. Nc3 Bg7 4. h4 Nf6 5. Be2 h5 6. Nh3 Nc6 7. Ng5 O-O 8. f3 e5 9. dxe5 Nxe5 10. Bf4 c6 11. Qd2 Qb6 12. O-O-O Ned7 13. Bxd6 Re8 14. Bc4 Ne5 15. Bxe5 Rxe5 16. Bxf7+ Kf8 17. Qd6+ Re7 18. e5 Ne8 19. Qxg6 Rxe5 20. Bxe8 Qe3+ 21. Kb1 Rxg5 22. Qf7# 1-0


[Site "https://www.chess.com"]

[Event "Titled Tuesday Blitz May 9 Late 2023"]
[White "micke12a"]
[Black "Gritsenko, Nikolai"]
[BlackFideId "14112493"]
[WhiteElo "2369"]
[BlackElo "2389"]
[Result "0-1"]
[Round "01"]
[TimeControl "180+2"]
[Date "2023.05.09"]
[WhiteClock "0:00:44"]
[BlackClock "0:01:20"]

1. d4 d5 2. Nf3 Nc6 3. Bf4 Bg4 4. e3 e6 5. h3 Bh5 6. Be2 Bd6 7. Bxd6 cxd6 8. c4 Bxf3 9. Bxf3 dxc4 10. d5 Ne5 11. O-O Nf6 12. dxe6 fxe6 13. Nd2 d5 14. b3 b5 15. a4 c3 16. Nb1 b4 17. a5 Qd6 18. Qd4 O-O 19. Ra4 Nc6 20. Qd3 e5 21. Be2 a6 22. f4 e4 23. Qc2 Qc5 24. Kf2 d4 25. Bc4+ Kh8 26. exd4 Nxd4 27. Qd1 c2 0-1


[Site "https://www.chess.com"]

[Event "Titled Tuesday Blitz May 9 Late 2023"]
[White "Papasimakopoulos, Alexandros"]
[Black "Gerbelli Neto, Eduardo"]
[WhiteFideId "4244125"]
[BlackFideId "2103281"]
[WhiteElo "2359"]
[BlackElo "2178"]
[Result "1-0"]
[Round "01"]
[TimeControl "180+2"]
[Date "2023.05.09"]
[WhiteClock "0:00:29"]
[BlackClock "0:00:32"]

1. d4 d5 2. c4 c6 3. cxd5 cxd5 4. Bf4 Nf6 5. Nc3 Nc6 6. e3 e6 7. Bd3 Bd6 8. Bxd6 Qxd6 9. f4 Bd7 10. Nf3 O-O 11. Ne5 Rac8 12. O-O Ne7 13. g4 Bc6 14. Qf3 g6 15. h4 a6 16. h5 b5 17. hxg6 fxg6 18. a3 Rc7 19. Rf2 a5 20. Bxb5 Ne4 21. Nxc6 Nxc6 22. Nxe4 dxe4 23. Qxe4 Ne7 24. b3 Nd5 25. Bc4 a4 26. Qe5 Qxe5 27. fxe5 Nxe3 28. Bxe6+ Kg7 29. Rxf8 Kxf8 30. Re1 Nc2 31. Rc1 Ke7 32. Bd5 Rc3 33. bxa4 Nxd4 34. Rxc3 Ne2+ 35. Kf2 Nxc3 36. Bb3 h5 37. g5 Ne4+ 38. Ke3 Nc5 39. Bc2 Ke6 40. Bxg6 Kxe5 41. Bxh5 Kf5 42. g6 Kf6 43. a5 Na4 44. a6 Nb6 45. a7 Na8 46. Kd4 1-0


[Site "https://www.chess.com"]

[Event "Titled Tuesday Blitz May 9 Late 2023"]
[White "Rangel, Daniel"]
[Black "Thomforde-Toates, Noah"]
[WhiteFideId "2124475"]
[BlackFideId "30951992"]
[WhiteElo "2256"]
[BlackElo "2703"]
[Result "0-1"]
[Round "01"]
[TimeControl "180+2"]
[Date "2023.05.09"]
[WhiteClock "0:00:00"]
[BlackClock "0:00:07"]

1. c4 Nf6 2. g3 g6 3. Bg2 Bg7 4. Nc3 d6 5. e4 e5 6. Nge2 Nc6 7. O-O h5 8. h3 Nd4 9. Nxd4 exd4 10. Ne2 c5 11. d3 Be6 12. Bg5 Qd7 13. Nf4 O-O-O 14. b4 Rdf8 15. bxc5 dxc5 16. Rb1 Nh7 17. Nxe6 fxe6 18. Bd2 e5 19. h4 Bf6 20. Kh2 Kb8 21. Bh3 Qe7 22. Rb5 g5 23. hxg5 Nxg5 24. Bxg5 Bxg5 25. Bf5 h4 26. g4 h3 27. Qb3 Bf4+ 28. Kh1 h2 29. Rb1 Rf7 30. Be6 Rhh7 31. Bd5 Rhg7 32. Qa4 a6 33. Qxa6 Qd7 34. Rxb7+ Qxb7 35. Qd6+ Ka8 36. Rxb7 Rxb7 37. Qa6+ Kb8 38. Bxb7 Rxb7 39. Qd6+ Ka8 40. Qf8+ Rb8 41. Qxb8+ Kxb8 42. f3 Kb7 43. g5 Bxg5 44. Kxh2 Bf4+ 45. Kh3 Kb6 46. Kg4 Ka5 47. Kf5 Kb4 48. Ke6 Ka3 49. Kd5 Kxa2 50. Kxc5 Kb3 51. Kd5 Kc3 52. c5 Bg5 53. c6 Bd8 54. Kxe5 Kxd3 55. f4 Kc4 56. f5 d3 57. f6 d2 58. f7 Bc7+ 59. Ke6 d1=Q 60. f8=Q Qg4+ 61. Qf5 Qg8+ 62. Kf6 Qf8+ 63. Kg5 Qg7+ 64. Kh4 Qg3+ 65. Kh5 Kd4 66. Qd5+ Kc3 67. Qg5 Qh3+ 68. Kg6 Kd4 69. Qd5+ Ke3 70. Qf5 Qh8 71. Kf7 Be5 72. Ke6 Qe8+ 73. Kd5 Bf4 74. Qh3+ Kd2 75. Qg2+ Kd3 76. Qf3+ Be3 77. Qf5 Qg8+ 78. Qe6 Qd8+ 79. Qd6 Qa5+ 80. Ke6+ Kxe4 81. c7 Qf5+ 82. Ke7 Bc5 83. c8=Q Qxc8 84. Qxc5 Qxc5+ 85. Kd7 Ke5 86. Ke8 Qa7 0-1


[Site "https://www.chess.com"]

[Event "Titled Tuesday Blitz May 9 Late 2023"]
[White "Bitoon, Richard"]
[Black "Dragomirescu, Calin"]
[WhiteFideId "5201110"]
[BlackFideId "1200895"]
[WhiteElo "2374"]
[BlackElo "2010"]
[Result "1-0"]
[Round "01"]
[TimeControl "180+2"]
[Date "2023.05.09"]
[WhiteClock "0:00:48"]
[BlackClock "0:01:19"]

1. e4 g6 2. d4 Bg7 3. Nc3 d6 4. Bc4 c6 5. a4 Nf6 6. Bg5 d5 7. Bxf6 exf6 8. exd5 O-O 9. Nge2 Re8 10. O-O Bg4 11. f3 Bf5 12. Ng3 Bd7 13. Re1 f5 14. Rxe8+ Qxe8 15. Qd2 Qf8 16. Nce2 cxd5 17. Bxd5 Nc6 18. c3 a5 19. Re1 Re8 20. Bb3 h5 21. Nf1 Bh6 22. Qd1 Qe7 23. d5 Nd8 24. Kf2 b6 25. Nd4 Qc5 26. Rxe8+ Bxe8 27. g3 Nb7 28. Kg2 Qd6 29. Ne2 Nc5 30. Bc2 f4 31. Qd4 fxg3 32. hxg3 Bg7 33. Qd1 Bd7 34. Ne3 Bh6 35. Nc4 Qf6 36. Qd4 Qxd4 37. Nxd4 Bxa4 38. Nxb6 Bxc2 39. Nxc2 Bf8 40. b4 axb4 41. Nxb4 Kg7 42. Nc6 Nd3 43. Nd7 Bd6 44. c4 f5 45. Nd4 f4 46. c5 Nxc5 47. Nxc5 Bxc5 48. Ne6+ Kf6 49. Nxc5 Ke5 50. Nd3+ Kxd5 51. Nxf4+ 1-0


[Site "https://www.chess.com"]

[Event "Titled Tuesday Blitz May 9 Late 2023"]
[White "Malicka, Maria"]
[Black "Kucuksari, Kaan"]
[WhiteFideId "1197576"]
[BlackFideId "6380166"]
[WhiteElo "2227"]
[BlackElo "2364"]
[Result "0-1"]
[Round "01"]
[TimeControl "180+2"]
[Date "2023.05.09"]
[WhiteClock "0:01:19"]
[BlackClock "0:00:09"]

1. e4 c5 2. Nf3 Nc6 3. d4 cxd4 4. Nxd4 e5 5. Nb5 d6 6. c4 a6 7. N5a3 f5 8. exf5 Nf6 9. Bd3 e4 10. Be2 Bxf5 11. Nc3 Be7 12. Nc2 O-O 13. Bg5 Ne5 14. Ne3 Bg6 15. O-O Kh8 16. Qd4 Nc6 17. Qd2 h6 18. Bh4 Ne5 19. Rfd1 Nd3 20. b3 b5 21. Rab1 b4 22. Bxf6 bxc3 23. Bxc3 Rxf2 24. Ng4 Bg5 25. Qc2 Rf4 26. Rf1 Qb6+ 27. Kh1 Raf8 28. Rxf4 Rxf4 29. Bd2 Rxg4 30. Rf1 Rf4 31. Bxf4 Nxf4 32. Bg4 e3 33. Qd1 Be4 34. Bf3 e2 35. Qe1 exf1=Q+ 36. Qxf1 Bxf3 37. Qxf3 Qd4 38. h3 Bf6 39. Qg4 Qe5 40. Kg1 Qe1+ 41. Kh2 Qe5 42. Kg1 Ne6 43. Qf3 Nc5 44. Kh1 Kh7 45. Qd1 Qe4 46. Kh2 Be5+ 47. Kh1 Nd3 48. Qf1 Bd4 49. Kh2 Be5+ 50. Kh1 Bg3 51. Kg1 Nf2 52. Qc1 Bf4 53. Qf1 Be3 54. Kh2 Qf4+ 55. g3 Ng4+ 56. Kg2 Qxf1+ 57. Kxf1 Ne5 58. Ke2 Bc5 59. g4 Kg6 60. Kd2 Kg5 61. Kc2 Kh4 62. Kb2 Kxh3 63. a3 Kxg4 64. b4 Be3 65. Kc3 h5 66. a4 h4 67. b5 a5 0-1


[Site "https://www.chess.com"]

[Event "Titled Tuesday Blitz May 9 Late 2023"]
[White "Sai Krishna G V"]
[Black "Hoffmann, Asa"]
[WhiteFideId "5028280"]
[BlackFideId "2001470"]
[WhiteElo "2359"]
[BlackElo "2117"]
[Result "1-0"]
[Round "01"]
[TimeControl "180+2"]
[Date "2023.05.09"]
[WhiteClock "0:01:24"]
[BlackClock "0:00:12"]

1. Nf3 d6 2. g3 e5 3. d3 Nf6 4. Bg2 Be7 5. O-O c6 6. e4 O-O 7. Nh4 Ne8 8. Nf5 Bf6 9. Nd2 g6 10. Nh6+ Kh8 11. f4 Bg7 12. Ng4 exf4 13. gxf4 f5 14. Ne3 fxe4 15. dxe4 Nd7 16. c3 Nc5 17. Qc2 a5 18. a4 Qe7 19. Ndc4 Be6 20. Nb6 Rd8 21. f5 gxf5 22. exf5 Bf7 23. Ng4 Nf6 24. Bg5 Bh5 25. Nxf6 Bxf6 26. Bxf6+ Qxf6 27. Rae1 Rg8 28. Kh1 d5 29. b4 axb4 30. cxb4 Ne4 31. Bxe4 dxe4 32. Qxe4 Rde8 33. Qf4 Rxe1 34. Rxe1 Rf8 35. Nd7 Qxf5 36. Qd4+ Kg8 37. Nxf8 Bf3+ 38. Kg1 Qg5+ 39. Kf2 Qg2+ 40. Ke3 Kxf8 41. Qf6+ Kg8 42. Qxf3 Qg5+ 43. Kf2 Qh4+ 44. Qg3+ 1-0


[Site "https://www.chess.com"]

[Event "Titled Tuesday Blitz May 9 Late 2023"]
[White "Shapiro, Daniel"]
[Black "Averjanov, Alexey"]
[WhiteFideId "2001780"]
[BlackFideId "14109867"]
[WhiteElo "2361"]
[BlackElo "2689"]
[Result "0-1"]
[Round "01"]
[TimeControl "180+2"]
[Date "2023.05.09"]
[WhiteClock "0:00:50"]
[BlackClock "0:02:22"]

1. d4 d5 2. c4 dxc4 3. e4 Nf6 4. e5 Nd5 5. Bxc4 Nb6 6. Bd3 Nc6 7. Ne2 Nb4 8. Be4 N4d5 9. Nbc3 Be6 10. O-O c6 11. Be3 Qd7 12. Qc2 g6 13. Rad1 Bg7 14. Nf4 Nxf4 15. Bxf4 Nd5 16. Nxd5 Bxd5 17. Rfe1 O-O 18. a3 Bxe4 19. Qxe4 Rad8 20. Rd3 Qd5 21. Qxd5 Rxd5 22. Red1 Rfd8 23. R3d2 f6 24. exf6 exf6 25. Be3 Kf7 26. f3 f5 27. g3 c5 28. dxc5 Rxd2 29. Rxd2 Rxd2 30. Bxd2 Bxb2 31. Bb4 Ke6 32. Kf2 Kd5 33. Ke3 Bd4+ 34. Kf4 Bxc5 35. Kg5 Bxb4 36. axb4 b5 37. Kh6 a5 38. Kxh7 axb4 39. Kxg6 b3 40. h4 b2 41. h5 b1=Q 42. h6 f4+ 43. Kg7 fxg3 0-1


[Site "https://www.chess.com"]

[Event "Titled Tuesday Blitz May 9 Late 2023"]
[White "Amburgy, Ryan"]
[Black "Marcziter, Dmitrii"]
[WhiteFideId "30924820"]
[BlackFideId "13900765"]
[WhiteElo "2134"]
[BlackElo "2162"]
[Result "1/2-1/2"]
[Round "01"]
[TimeControl "180+2"]
[Date "2023.05.09"]
[WhiteClock "0:00:27"]
[BlackClock "0:00:04"]

1. Nf3 Nf6 2. c4 c5 3. Nc3 Nc6 4. d4 cxd4 5. Nxd4 g6 6. e4 d6 7. Be2 Bg7 8. Be3 O-O 9. O-O Nxd4 10. Bxd4 a5 11. Rc1 Bd7 12. Qd2 Bc6 13. f3 Nd7 14. Rfd1 Bxd4+ 15. Qxd4 a4 16. Kf2 Qa5 17. Nd5 Bxd5 18. exd5 Qc5 19. Ke3 Ra6 20. Qxc5 Nxc5 21. Kd4 Rb6 22. Rc2 Re8 23. Kc3 Ra8 24. Bd3 Kg7 25. g4 e6 26. Be4 e5 27. h4 h6 28. Rg1 Rf8 29. Rcg2 Kh8 30. h5 g5 31. Bf5 Kg7 32. Rb1 Ra8 33. Bc2 Kf6 34. Re2 Ke7 35. Ree1 f6 36. b4 axb3 37. axb3 Ra3 38. Ra1 Raxb3+ 39. Bxb3 Rxb3+ 40. Kc2 Rxf3 41. Ra8 Rf4 42. Rh8 Rxc4+ 43. Kb1 Rxg4 44. Rxh6 f5 45. Rh1 f4 46. Rg6 f3 47. Kc2 f2 48. Rf1 Ne4 49. Kd3 Rg1 50. Kxe4 Rxf1 51. Kf3 e4+ 52. Ke2 Rh1 53. Kxf2 Rxh5 54. Ke3 Kf7 55. Rxd6 g4 56. Kxe4 Rg5 57. Rd7+ Kf6 58. Rxb7 g3 59. Rb6+ Ke7 60. Rb1 g2 61. Rg1 Kd6 62. Kf3 Kxd5 63. Rxg2 Rxg2 64. Kxg2 1/2-1/2


[Site "https://www.chess.com"]

[Event "Titled Tuesday Blitz May 9 Late 2023"]
[White "Guzman Moneo, Alberto"]
[Black "Mihajlov, Sebastian"]
[WhiteFideId "2209616"]
[BlackFideId "1512110"]
[WhiteElo "2157"]
[BlackElo "2478"]
[Result "0-1"]
[Round "01"]
[TimeControl "180+2"]
[Date "2023.05.09"]
[WhiteClock "0:00:00"]
[BlackClock "0:01:00"]

1. Nf3 g6 2. e4 Bg7 3. d4 d6 4. Bc4 a6 5. Qe2 e6 6. Bb3 Ne7 7. c3 h6 8. Nbd2 Nbc6 9. Nf1 e5 10. dxe5 Nxe5 11. Nxe5 dxe5 12. Be3 O-O 13. Qd2 g5 14. Ng3 Ng6 15. Nh5 Nf4 16. Nxg7 Kxg7 17. Bxf4 exf4 18. O-O-O Qe7 19. h4 Qxe4 20. hxg5 hxg5 21. g3 Bf5 22. Qd4+ Qxd4 23. Rxd4 fxg3 24. fxg3 Rad8 25. Rxd8 Rxd8 26. Rf1 Bg6 27. g4 Rd3 28. Rg1 Rf3 29. Rg2 Rf4 30. Rg3 Rf1+ 31. Kd2 Rb1 32. Re3 Rxb2+ 33. Kc1 Rb1+ 34. Kd2 Kf6 35. Rf3+ Ke7 36. Re3+ Kf8 37. Rf3 Rg1 38. Be6 Ke7 39. Bc8 b6 40. Re3+ Kd6 41. Re8 a5 42. Rd8+ Ke5 43. Rd7 Rg2+ 44. Ke3 Rg3+ 45. Kd2 Rxg4 46. Rxc7 Rg2+ 47. Ke3 Rxa2 48. Rc6 Rb2 49. Bb7 Be4 50. Rc7 Bxb7 51. Rxb7 f5 52. Kd3 g4 53. Rg7 a4 54. Kc4 b5+ 55. Kc5 Kf4 56. Rh7 g3 57. Rh2 gxh2 58. c4 h1=Q 59. cxb5 Qb7 0-1


[Site "https://www.chess.com"]

[Event "Titled Tuesday Blitz May 9 Late 2023"]
[White "Tatarinov, Dmitry"]
[Black "Senft, Sean"]
[WhiteFideId "24160067"]
[BlackFideId "2044960"]
[WhiteElo "2326"]
[BlackElo "1989"]
[Result "1-0"]
[Round "01"]
[TimeControl "180+2"]
[Date "2023.05.09"]
[WhiteClock "0:00:38"]
[BlackClock "0:00:00"]

1. e4 c5 2. Nf3 d6 3. d4 cxd4 4. Nxd4 Nf6 5. Nc3 a6 6. Bg5 e6 7. f4 Qb6 8. Qd3 Nc6 9. O-O-O Qxd4 10. Qxd4 Nxd4 11. Rxd4 Be7 12. Bxf6 gxf6 13. g3 Bd7 14. Be2 Bc6 15. Rhd1 h5 16. f5 b5 17. Kb1 O-O-O 18. a4 bxa4 19. Bxa6+ Kc7 20. Rc4 Kb6 21. Bb5 Bxb5 22. Rb4 h4 23. Rxb5+ Kc6 24. Rd4 hxg3 25. hxg3 Rb8 26. Rc4+ Kd7 27. Rxa4 Rxb5 28. Nxb5 Kc6 29. Nd4+ Kb6 30. fxe6 fxe6 31. Nxe6 Rg8 32. Ra3 d5 33. Rb3+ Kc6 34. exd5+ Kxd5 35. Nf4+ Ke4 36. Rc3 Bd6 37. b4 Rb8 38. Rc4+ Kf3 39. Nd5 Kxg3 40. c3 f5 41. Rc6 Rd8 42. Kc2 f4 43. Nf6 f3 44. Ne4+ Kg2 45. Nxd6 f2 46. Nc4 Re8 47. Rg6+ Kh2 48. Rf6 Kg1 49. Nd2 Re2 50. b5 1-0


[Site "https://www.chess.com"]

[Event "Titled Tuesday Blitz May 9 Late 2023"]
[White "Bryant, Todd"]
[Black "Iliaguev, Nisim"]
[WhiteFideId "2031299"]
[BlackFideId "2817276"]
[WhiteElo "2351"]
[BlackElo "2241"]
[Result "1-0"]
[Round "01"]
[TimeControl "180+2"]
[Date "2023.05.09"]
[WhiteClock "0:00:24"]
[BlackClock "0:00:33"]

1. e4 c6 2. d4 d5 3. f3 dxe4 4. fxe4 g6 5. Nf3 Bg7 6. Bc4 e6 7. O-O Ne7 8. Bg5 O-O 9. c3 a5 10. Qe1 h6 11. Qh4 Re8 12. Bxh6 Nf5 13. exf5 Qxh4 14. Nxh4 Bxh6 15. fxg6 fxg6 16. Nxg6 Kg7 17. Ne5 Nd7 18. Rf7+ Kg8 19. Rxd7 Bxd7 20. Nxd7 Kg7 21. Ne5 Rf8 22. Na3 Be3+ 23. Kh1 b5 24. Bxe6 Rae8 25. Bg4 Rf2 26. Rb1 Ref8 27. Bf3 Bf4 28. Ng4 Rd2 29. h3 Re8 30. Bxc6 Ree2 31. Bf3 Re7 32. Nxb5 Bg3 33. c4 Rxb2 34. Rf1 Rxa2 35. Nc3 Rc2 36. Ne4 Bb8 37. c5 a4 38. d5 a3 39. d6 Rf7 40. Ne5 a2 41. Nxf7 Rb2 42. Nc3 Kxf7 43. Nxa2 Kf6 44. Nc3 Ke5 45. Bg4 Rc2 46. Nd1 Rxc5 47. Ne3 Bxd6 48. Rf5+ Ke4 49. Rxc5 Bxc5 50. Nf5 Kf4 51. Kh2 Bb6 52. Nh4 Bc7 53. Nf3 Ke3+ 54. Kg1 Bb6 55. Kf1 Kf4 56. Ke2 Kg3 57. Kf1 Ba7 58. Ng1 Bb6 59. Ne2+ Kh4 60. g3+ Kg5 61. Kg2 Bc7 62. Kf3 Kf6 63. h4 Kg6 64. Nf4+ Kf6 65. Bc8 Bd6 66. Kg4 Kg7 67. Kg5 Be7+ 68. Kf5 Bd8 69. h5 Kh6 70. g4 Bc7 71. Ne6 Ba5 72. Nc5 Bd2 73. Ne4 Bc1 74. Be6 Bb2 75. Bc4 Ba3 76. Be2 Bb2 77. g5+ Kg7 78. h6+ Kg8 79. Bh5 Ba1 80. Kg6 Bb2 81. Nd6 Ba1 82. h7+ Kf8 83. Nf7 Bb2 84. h8=Q+ Bxh8 85. Nxh8 Kg8 86. Nf7 Kf8 87. Kh7 Ke7 88. g6 Kf8 89. g7+ Ke7 90. g8=Q Kf6 91. Qg7+ Ke7 92. Ng5+ Kd6 93. Qf6+ Kc5 94. Qe5+ Kc4 95. Kg6 Kb3 96. Qd4 Kc2 97. Qe3 Kb1 98. Qd2 Ka1 99. Kf5 Kb1 100. Ke4 Ka1 101. Kd4 Kb1 102. Kc3 Ka1 103. Qb2# 1-0


[Site "https://www.chess.com"]

[Event "Titled Tuesday Blitz May 9 Late 2023"]
[White "Maatman, Nick"]
[Black "Bashkansky, Ethan"]
[WhiteFideId "1040391"]
[BlackFideId "2071533"]
[WhiteElo "2671"]
[BlackElo "2350"]
[Result "1-0"]
[Round "01"]
[TimeControl "180+2"]
[Date "2023.05.09"]
[WhiteClock "0:01:22"]
[BlackClock "0:00:04"]

1. d4 f5 2. Nf3 Nf6 3. g3 g6 4. Bg2 Bg7 5. O-O O-O 6. c4 d6 7. Nc3 Nc6 8. d5 Na5 9. Nd2 c5 10. Rb1 a6 11. a3 Qc7 12. Re1 Rb8 13. e4 fxe4 14. Ncxe4 b5 15. Nxf6+ exf6 16. cxb5 axb5 17. b4 Nb7 18. Ne4 Bf5 19. Bb2 Rbe8 20. Rc1 c4 21. Qd4 Bxe4 22. Bxe4 f5 23. Qxg7+ Qxg7 24. Bxg7 Kxg7 25. Bf3 Kf7 26. Kf1 Rxe1+ 27. Kxe1 Ra8 28. Rc3 Nd8 29. Kd2 Kf6 30. Bd1 Nf7 31. f4 g5 32. Re3 gxf4 33. gxf4 Ra6 34. Bh5 Nh6 35. h3 Ng8 36. Kc2 Kg7 37. Be8 Nf6 38. Bxb5 Nxd5 39. Rg3+ Kf6 40. Bxa6 Nxf4 41. Bxc4 d5 42. Bd3 1-0


[Site "https://www.chess.com"]

[Event "Titled Tuesday Blitz May 9 Late 2023"]
[White "Stachanczyk, Jacek"]
[Black "Matinian, Nikita"]
[WhiteFideId "1116657"]
[BlackFideId "24129100"]
[WhiteElo "2084"]
[BlackElo "2422"]
[Result "0-1"]
[Round "01"]
[TimeControl "180+2"]
[Date "2023.05.09"]
[WhiteClock "0:00:10"]
[BlackClock "0:00:04"]

1. e4 c5 2. Nf3 e6 3. d4 cxd4 4. Nxd4 Nc6 5. Nc3 Nf6 6. Nxc6 bxc6 7. e5 Nd5 8. Ne4 Bb7 9. a3 c5 10. c4 Nf4 11. Nd6+ Bxd6 12. Qxd6 Ng6 13. Qxc5 Qh4 14. Be3 Qh5 15. Be2 Qxe5 16. Qxe5 Nxe5 17. O-O d6 18. Rfd1 Ke7 19. c5 d5 20. b4 a6 21. Bd4 f6 22. f4 Nc4 23. Bxc4 dxc4 24. Rac1 Bd5 25. Kf2 Rhb8 26. g3 a5 27. Bc3 axb4 28. Bxb4 h5 29. Rd2 f5 30. Re1 Kd7 31. Rc1 Kc6 32. Rb2 g6 33. Ke3 Ra7 34. Kd4 h4 35. Ke5 hxg3 36. hxg3 Rh7 37. Kf6 Rh3 38. Rg1 Rf8+ 39. Ke5 Rb8 40. Rd2 Rh7 41. g4 Rf7 42. g5 Rh7 43. Re1 Rh4 44. Ree2 Rh3 45. Kf6 Rf3 46. Rf2 Rd3 47. Kxg6 Rh3 48. Kf6 Rhh8 49. Rh2 Rhf8+ 50. Ke5 Rfd8 51. Rh7 Kb5 52. Rc7 Ka4 53. g6 Kb3 54. Rd1 Be4 55. Rxd8 Rxd8 56. g7 c3 57. Rf7 c2 58. Bd2 Rd5+ 59. Kf6 Rxd2 60. g8=Q c1=Q 61. Qb8+ Ka2 62. Rb7 Qc3+ 63. Kf7 Bd5 64. Ke7 Bxb7 65. Qxb7 Qxc5+ 66. Kf7 Qd5 67. Qxd5+ exd5 68. a4 d4 0-1


[Site "https://www.chess.com"]

[Event "Titled Tuesday Blitz May 9 Late 2023"]
[White "Volkov, Maksim"]
[Black "Ansh M Shah"]
[WhiteFideId "54123070"]
[BlackFideId "25033379"]
[WhiteElo "2297"]
[BlackElo "2084"]
[Result "1-0"]
[Round "01"]
[TimeControl "180+2"]
[Date "2023.05.09"]
[WhiteClock "0:01:25"]
[BlackClock "0:00:04"]

1. d4 Nf6 2. c4 e6 3. g3 d5 4. Bg2 dxc4 5. Nf3 c5 6. O-O Nc6 7. dxc5 Qxd1 8. Rxd1 Bxc5 9. Nbd2 c3 10. bxc3 O-O 11. Ne1 Rd8 12. Nd3 Be7 13. Rb1 Na5 14. Nb3 Nxb3 15. Rxb3 Nd5 16. Rd2 Bd7 17. c4 Nb6 18. Bxb7 Rab8 19. Ba6 Bc8 20. Bb5 Bb7 21. c5 Bd5 22. cxb6 Bxb3 23. axb3 Rxb6 24. Bc4 Bf6 25. Ra2 Rb7 26. Be3 Rdd7 27. Nc5 Rd1+ 28. Kg2 Rc7 29. Ne4 Bd4 30. Bf4 e5 31. Bd2 h6 32. e3 Bb6 33. Bc3 Re7 34. Be2 Rdd7 35. g4 Kf8 36. Bb4 Ke8 37. Bxe7 Kxe7 38. Rd2 Rc7 39. Bc4 g6 40. Nc3 Rb7 41. Nd5+ Ke8 42. Nxb6 Rxb6 43. Rd5 f6 44. Ra5 Rb7 45. Ra6 Ke7 46. Re6+ Kf7 47. Rb6+ 1-0


[Site "https://www.chess.com"]

[Event "Titled Tuesday Blitz May 9 Late 2023"]
[White "Al-Saffar, Araz Basim Mohammed S"]
[Black "Seemann, Jakub"]
[WhiteFideId "4801040"]
[BlackFideId "21874697"]
[WhiteElo "2304"]
[BlackElo "2364"]
[Result "0-1"]
[Round "01"]
[TimeControl "180+2"]
[Date "2023.05.09"]
[WhiteClock "0:00:00"]
[BlackClock "0:00:46"]

1. d4 Nf6 2. Nf3 g6 3. c4 Bg7 4. Nc3 O-O 5. e4 d6 6. Be2 e5 7. dxe5 dxe5 8. Qxd8 Rxd8 9. Bg5 Re8 10. Nd5 Nxd5 11. cxd5 c6 12. Bc4 cxd5 13. Bxd5 Nc6 14. O-O Bg4 15. Bxc6 bxc6 16. Rfc1 Be6 17. Rxc6 Rec8 18. Rd6 Rc2 19. Rd2 Rac8 20. b3 f5 21. Be3 a5 22. Rad1 h6 23. Ne1 Rxd2 24. Rxd2 fxe4 25. Rc2 Rd8 26. Kf1 Bf8 27. Bc5 e3 28. fxe3 Bf5 29. Rc1 Rc8 30. e4 Bxe4 31. Be3 Rd8 32. Rc5 Bxc5 33. Bxc5 Rd2 34. a3 Bd5 35. b4 Bc4+ 36. Kg1 a4 37. Nf3 Rd1+ 38. Kf2 e4 39. Ne5 Bb5 40. Nxg6 Rd3 41. Ne7+ Kf7 42. Nf5 Kg6 43. Nd6 Bc6 44. b5 Bd5 45. b6 Rb3 46. Bb4 Rxb4 47. axb4 a3 48. b7 Bxb7 0-1


[Site "https://www.chess.com"]

[Event "Titled Tuesday Blitz May 9 Late 2023"]
[White "Colas, Joshua"]
[Black "Chabris, Christopher"]
[WhiteFideId "2044447"]
[BlackFideId "2005263"]
[WhiteElo "2347"]
[BlackElo "2344"]
[Result "0-1"]
[Round "01"]
[TimeControl "180+2"]
[Date "2023.05.09"]
[WhiteClock "0:01:33"]
[BlackClock "0:00:12"]

1. Nf3 Nf6 2. c4 e6 3. g3 d5 4. Bg2 dxc4 5. Qa4+ c6 6. Qxc4 b5 7. Qb3 a6 8. O-O Bb7 9. Nc3 c5 10. d3 Be7 11. a4 b4 12. Nb1 Nc6 13. Nbd2 O-O 14. Nc4 a5 15. Bg5 h6 16. Bxf6 Bxf6 17. Rac1 Qe7 18. Rfd1 Nd4 19. Nxd4 Bxd4 20. Bxb7 Qxb7 21. e3 Bf6 22. Nd6 Qb6 23. Ne4 Be7 24. Qc4 Rac8 25. b3 f5 26. Nd2 Kh7 27. f4 g5 28. Nf3 Bf6 29. Qb5 Qa7 30. Rc4 gxf4 31. Rxf4 c4 32. dxc4 Qxe3+ 33. Kh1 Rfd8 34. Re1 Qxb3 35. Qb7+ Kg6 36. g4 Rd1 37. gxf5+ exf5 38. Qb8 Rxe1+ 39. Nxe1 Rxb8 40. Nf3 Qd1+ 41. Kg2 Qe2+ 42. Kg3 Be5 43. Nh4+ Kf7 44. Nxf5 Bxf4+ 45. Kxf4 Qf2+ 46. Kg4 Qxh2 47. Nd6+ Kg8 48. Ne4 Qa2 49. Nf6+ Kf7 50. Nd7 Rd8 51. Ne5+ Kg8 52. Nc6 Qxc4+ 53. Kh5 Qxc6 54. Kg4 Qxa4 55. Kf5 Qb5+ 56. Kg6 Qc6+ 57. Kh5 Rd5+ 58. Kg4 Qc4+ 59. Kf3 Rd3+ 0-1


[Site "https://www.chess.com"]

[Event "Titled Tuesday Blitz May 9 Late 2023"]
[White "Peatman, Carter"]
[Black "Koziorowicz, Michal"]
[WhiteFideId "2096480"]
[BlackFideId "21809194"]
[WhiteElo "2003"]
[BlackElo "2255"]
[Result "0-1"]
[Round "01"]
[TimeControl "180+2"]
[Date "2023.05.09"]
[WhiteClock "0:00:00"]
[BlackClock "0:00:52"]

1. d4 f5 2. Bf4 Nf6 3. e3 e6 4. Nf3 Be7 5. c4 O-O 6. h3 b6 7. Nc3 Bb7 8. Be2 Ne4 9. O-O d6 10. Bh2 Qe8 11. Qc2 Nd7 12. Nd2 Nxd2 13. Qxd2 Qg6 14. f3 a6 15. Bd3 e5 16. Qc2 Bg5 17. Rae1 Rae8 18. Nd5 Bd8 19. b4 e4 20. fxe4 fxe4 21. Rxf8+ Nxf8 22. Be2 Bc8 23. Kh1 Ne6 24. Bg4 Rf8 25. Nc3 Bh4 26. g3 Bd8 27. Qxe4 Qxe4+ 28. Nxe4 Re8 29. Nc3 Bb7+ 30. d5 Ng5 31. h4 Nf7 32. Be6 Bf6 33. Ne4 Bc8 34. Nxf6+ gxf6 35. Bxc8 Rxc8 36. Rf1 Kg7 37. g4 Re8 38. Bf4 Re4 39. Rc1 Ne5 40. c5 bxc5 41. bxc5 Nxg4 42. cxd6 cxd6 43. Rc7+ Kg6 44. Bxd6 Nxe3 45. Bf8 Nxd5 46. Rg7+ Kf5 47. Rxh7 Re2 48. Rh5+ Ke4 49. Bc5 Nf4 50. Rh8 Rc2 51. Re8+ Kf3 52. Bg1 Kg4 53. Rg8+ Kxh4 54. Rf8 Kg5 55. Be3 Rc4 56. Bxf4+ Rxf4 57. Kg2 Ra4 58. Rg8+ Kf4 0-1


[Site "https://www.chess.com"]